[ AOE2 MATCH · #504874045 ]
UnrankedMongols vs Malians
Player's team · WIN
Rival team · LOSS
[ REPLAY ANALYSIS · EXTRACTED FROM THE RECORDED GAME ]
Feudal
8:50
Castle
22:40
Imperial
39:27
| APM avg | 42.3 |
| APM peak | 115 |
| eAPM avg | 23.0 |
| Villagers / military | 151 / 140 |
Focus
⚔️ 37.9% · 🌾 62.1%
Mangudai ×60 · Scout Cavalry ×41 · Steppe Lancer ×15 · Archer ×12 · Trebuchet (Packed) ×9 · Militia ×2
Feudal
11:02
Castle
21:53
Imperial
38:27
| APM avg | 51.5 |
| APM peak | 109 |
| eAPM avg | 32.1 |
| Villagers / military | 205 / 204 |
Focus
⚔️ 31.4% · 🌾 68.6%
Archer ×84 · Skirmisher ×62 · Camel Scout ×38 · Bombard Cannon ×8 · Militia ×4 · Trebuchet (Packed) ×3
Match map
Initial resources + every placement click. Lines = walls · curves = elevation contours. ◆ gold · ⬟ stone · ● berries · ✦ relic · ◌ wall gap
Your base· ✓ Closed at 22:40 · 48t walls · no gate
SneakySalmon's base· ✓ Closed at 21:53 · 27t walls · no gate
Smoothed initial terrain · ◌ = detected wall gap · hover for details
Inputs per minute
— [CL] el castigador - - SneakySalmon
Build order — [CL] el castigador
First 150 of 491 actions detected
| 0:00 | Create | Villager (Male) |
| 0:00 | Create | Villager (Male) |
| 0:01 | Create | Villager (Male) |
| 0:02 | Build | House |
| 0:03 | Build | House |
| 0:18 | Create | Villager (Male) |
| 1:22 | Create | Villager (Male) |
| 2:01 | Create | Villager (Male) |
| 2:20 | Build | Lumber Camp |
| 2:24 | Create | Villager (Male) |
| 2:24 | Create | Villager (Male) |
| 2:38 | Create | Villager (Male) |
| 2:50 | Create | Villager (Male) |
| 3:00 | Create | Villager (Male) |
| 3:27 | Create | Villager (Male) |
| 3:27 | Create | Villager (Male) |
| 3:52 | Build | House |
| 4:18 | Create | Villager (Male) |
| 4:18 | Create | Villager (Male) |
| 4:22 | Build | House |
| 4:39 | Build | Mill |
| 4:54 | Create | Villager (Male) |
| 4:54 | Research | Loom |
| 5:29 | Build | House |
| 6:19 | Research | Feudal Age |
| 7:04 | Build | Barracks |
| 8:26 | Build | Barracks |
| 8:45 | Build | Palisade Wall |
| 8:47 | Build | Palisade Wall |
| 8:50 | Build | Palisade Wall |
| 8:50 | Age | Feudal Age |
| 8:54 | Build | Palisade Wall |
| 8:59 | Build | House |
| 9:03 | Build | Palisade Wall |
| 9:06 | Create | Villager (Male) |
| 9:11 | Build | Archery Range |
| 9:16 | Build | Palisade Wall |
| 9:17 | Build | Palisade Wall |
| 9:20 | Build | House |
| 9:25 | Build | Palisade Wall |
| 9:34 | Create | Villager (Male) |
| 9:42 | Build | Mining Camp |
| 9:46 | Create | Villager (Male) |
| 9:51 | Build | Palisade Wall |
| 9:53 | Build | Palisade Wall |
| 9:54 | Build | Palisade Wall |
| 9:54 | Build | Palisade Wall |
| 9:55 | Build | Palisade Wall |
| 9:57 | Create | Villager (Male) |
| 10:05 | Create | Archer |
| 10:19 | Build | Palisade Wall |
| 10:29 | Create | Villager (Male) |
| 10:34 | Create | Archer |
| 10:37 | Create | Villager (Male) |
| 10:41 | Build | Palisade Wall |
| 10:42 | Build | Palisade Wall |
| 10:52 | Create | Villager (Male) |
| 10:57 | Build | Palisade Wall |
| 10:59 | Build | Palisade Wall |
| 11:13 | Create | Villager (Male) |
| 11:23 | Build | Blacksmith |
| 11:38 | Create | Villager (Male) |
| 11:55 | Create | Villager (Male) |
| 11:55 | Create | Archer |
| 12:03 | Research | Double-Bit Axe |
| 12:03 | Research | Horse Collar |
| 12:08 | Create | Villager (Male) |
| 12:26 | Create | Archer |
| 12:29 | Create | Villager (Male) |
| 12:48 | Build | House |
| 12:49 | Build | House |
| 12:55 | Research | Fletching |
| 12:57 | Create | Archer |
| 13:05 | Build | Palisade Wall |
| 13:12 | Build | Farm |
| 13:21 | Create | Villager (Male) |
| 13:27 | Build | Farm |
| 13:29 | Build | Farm |
| 13:31 | Build | Farm |
| 13:35 | Build | Palisade Wall |
| 13:38 | Build | Palisade Wall |
| 13:50 | Create | Villager (Male) |
| 13:51 | Create | Archer |
| 14:08 | Build | Stable |
| 14:10 | Create | Villager (Male) |
| 14:21 | Build | Farm |
| 14:31 | Create | Archer |
| 14:32 | Create | Villager (Male) |
| 14:38 | Build | House |
| 14:38 | Build | House |
| 14:48 | Build | Farm |
| 14:55 | Build | Farm |
| 14:59 | Create | Scout Cavalry |
| 15:09 | Create | Archer |
| 15:13 | Create | Villager (Male) |
| 15:18 | Build | Farm |
| 15:36 | Create | Villager (Male) |
| 15:44 | Create | Scout Cavalry |
| 15:47 | Create | Villager (Male) |
| 15:59 | Build | House |
| 16:01 | Build | Palisade Wall |
| 16:02 | Build | Palisade Wall |
| 16:05 | Build | House |
| 16:11 | Create | Villager (Male) |
| 16:23 | Create | Archer |
| 16:23 | Create | Archer |
| 16:29 | Create | Villager (Male) |
| 16:34 | Build | Farm |
| 16:36 | Build | Farm |
| 16:37 | Build | Farm |
| 16:44 | Create | Villager (Male) |
| 17:15 | Create | Villager (Male) |
| 17:23 | Create | Villager (Male) |
| 17:29 | Build | House |
| 17:29 | Build | House |
| 17:41 | Create | Villager (Male) |
| 17:47 | Build | Farm |
| 17:53 | Build | Farm |
| 18:09 | Create | Villager (Male) |
| 18:39 | Create | Villager (Male) |
| 18:52 | Build | Farm |
| 19:16 | Create | Villager (Male) |
| 19:18 | Build | Market |
| 19:32 | Create | Archer |
| 19:40 | Create | Villager (Male) |
| 20:00 | Research | Castle Age |
| 20:27 | Build | Watch Tower |
| 20:38 | Create | Villager (Male) |
| 20:41 | Build | Stable |
| 20:43 | Research | Bloodlines |
| 20:48 | Build | Lumber Camp |
| 20:53 | Build | Farm |
| 20:55 | Build | Farm |
| 20:57 | Build | Farm |
| 21:00 | Build | Farm |
| 21:06 | Build | House |
| 21:10 | Build | House |
| 21:12 | Build | House |
| 21:20 | Build | Farm |
| 21:22 | Research | Scale Barding Armor |
| 21:33 | Build | House |
| 21:47 | Build | Farm |
| 21:56 | Build | Farm |
| 22:08 | Build | Palisade Wall |
| 22:09 | Build | Palisade Wall |
| 22:09 | Build | Palisade Wall |
| 22:15 | Create | Archer |
| 22:20 | Create | Villager (Male) |
| 22:34 | Build | Mining Camp |
| 22:40 | Age | Castle Age |
Build order — SneakySalmon
First 150 of 646 actions detected
| 0:01 | Create | Villager (Male) |
| 0:01 | Create | Villager (Male) |
| 0:01 | Create | Villager (Male) |
| 0:01 | Create | Villager (Male) |
| 0:02 | Create | Villager (Male) |
| 0:03 | Build | House |
| 0:05 | Build | House |
| 1:31 | Create | Villager (Male) |
| 1:55 | Create | Villager (Male) |
| 1:55 | Create | Villager (Male) |
| 2:16 | Create | Villager (Male) |
| 2:31 | Build | Lumber Camp |
| 2:49 | Create | Villager (Male) |
| 2:50 | Create | Villager (Male) |
| 3:15 | Create | Villager (Male) |
| 3:15 | Create | Villager (Male) |
| 3:32 | Build | House |
| 3:46 | Create | Villager (Male) |
| 3:46 | Create | Villager (Male) |
| 4:22 | Create | Villager (Male) |
| 4:32 | Build | Barracks |
| 4:45 | Create | Villager (Male) |
| 4:59 | Create | Villager (Male) |
| 5:21 | Build | House |
| 5:36 | Create | Militia |
| 5:36 | Create | Militia |
| 5:38 | Create | Militia |
| 5:47 | Create | Villager (Male) |
| 6:17 | Build | House |
| 6:18 | Create | Villager (Male) |
| 6:21 | Build | Mill |
| 6:25 | Create | Villager (Male) |
| 6:35 | Create | Militia |
| 6:46 | Create | Villager (Male) |
| 6:50 | Build | Palisade Wall |
| 7:09 | Create | Villager (Male) |
| 7:10 | Research | Loom |
| 7:48 | Build | House |
| 7:50 | Create | Villager (Male) |
| 7:53 | Build | Farm |
| 8:20 | Create | Villager (Male) |
| 8:36 | Build | House |
| 8:40 | Build | Farm |
| 8:52 | Research | Feudal Age |
| 8:52 | Research | Feudal Age |
| 8:57 | Build | Lumber Camp |
| 9:13 | Build | Palisade Wall |
| 9:22 | Build | Palisade Wall |
| 9:49 | Build | Palisade Wall |
| 9:55 | Create | Villager (Male) |
| 11:02 | Age | Feudal Age |
| 11:10 | Build | Archery Range |
| 11:12 | Research | Double-Bit Axe |
| 11:13 | Create | Spearman |
| 11:19 | Build | Mining Camp |
| 11:24 | Create | Villager (Male) |
| 11:46 | Create | Villager (Male) |
| 11:58 | Create | Villager (Male) |
| 12:01 | Build | House |
| 12:03 | Build | Palisade Wall |
| 12:03 | Create | Skirmisher |
| 12:04 | Create | Skirmisher |
| 12:10 | Build | Blacksmith |
| 12:32 | Build | Farm |
| 12:39 | Create | Archer |
| 12:45 | Create | Villager (Male) |
| 12:46 | Create | Villager (Male) |
| 12:48 | Research | Fletching |
| 12:53 | Build | Farm |
| 12:57 | Create | Archer |
| 13:01 | Create | Villager (Male) |
| 13:09 | Create | Skirmisher |
| 13:15 | Build | Palisade Wall |
| 13:17 | Build | Palisade Wall |
| 13:22 | Create | Villager (Male) |
| 13:28 | Build | Farm |
| 13:32 | Build | Farm |
| 13:42 | Build | House |
| 13:50 | Research | Padded Archer Armor |
| 13:51 | Create | Archer |
| 13:53 | Create | Villager (Male) |
| 13:55 | Build | Farm |
| 14:05 | Create | Archer |
| 14:15 | Build | Farm |
| 14:20 | Build | Farm |
| 14:22 | Create | Villager (Male) |
| 14:43 | Create | Villager (Male) |
| 14:44 | Create | Skirmisher |
| 14:47 | Build | Farm |
| 14:50 | Build | Farm |
| 14:58 | Create | Villager (Male) |
| 15:07 | Create | Archer |
| 15:08 | Create | Villager (Male) |
| 15:16 | Build | House |
| 15:19 | Build | Palisade Wall |
| 15:21 | Build | Farm |
| 15:32 | Create | Archer |
| 15:34 | Create | Villager (Male) |
| 15:43 | Build | Farm |
| 15:54 | Create | Archer |
| 16:11 | Create | Villager (Male) |
| 16:17 | Build | Archery Range |
| 16:25 | Build | Farm |
| 16:30 | Create | Villager (Male) |
| 16:48 | Build | Farm |
| 16:51 | Build | Farm |
| 17:14 | Create | Archer |
| 17:16 | Create | Villager (Male) |
| 17:28 | Build | Farm |
| 17:30 | Create | Archer |
| 17:40 | Build | Farm |
| 17:41 | Create | Villager (Male) |
| 17:45 | Build | Farm |
| 17:51 | Create | Archer |
| 17:52 | Create | Archer |
| 18:05 | Build | Farm |
| 18:06 | Create | Villager (Male) |
| 18:29 | Build | Farm |
| 18:45 | Create | Archer |
| 18:45 | Create | Archer |
| 19:13 | Research | Castle Age |
| 19:14 | Research | Castle Age |
| 19:26 | Create | Archer |
| 19:26 | Create | Archer |
| 19:30 | Create | Archer |
| 19:38 | Research | Horse Collar |
| 19:43 | Build | House |
| 19:51 | Build | House |
| 19:53 | Build | House |
| 19:55 | Build | House |
| 19:57 | Build | House |
| 20:05 | Create | Archer |
| 20:05 | Create | Archer |
| 21:09 | Build | Palisade Wall |
| 21:14 | Create | Villager (Male) |
| 21:53 | Age | Castle Age |
| 21:57 | Research | Crossbowman (upgrade) |
| 22:02 | Research | Bodkin Arrow |
| 22:05 | Build | University |
| 22:10 | Research | Bow Saw |
| 22:13 | Research | Gold Mining |
| 22:14 | Create | Villager (Male) |
| 22:19 | Create | Archer |
| 22:19 | Create | Archer |
| 22:33 | Create | Villager (Male) |
| 22:38 | Create | Archer |
| 22:38 | Create | Archer |
| 23:12 | Create | Villager (Male) |
| 23:13 | Create | Villager (Male) |
| 23:13 | Create | Villager (Male) |
Match timeline
| 4:32 | SneakySalmon · first_building Barracks |
| 6:50 | SneakySalmon · wall_segment Palisade Wall x4 |
| 7:04 | [CL] el castigador · first_building Barracks |
| 8:45 | [CL] el castigador · wall_segment Palisade Wall x1 |
| 8:47 | [CL] el castigador · wall_segment Palisade Wall x1 |
| 8:50 | [CL] el castigador · wall_segment Palisade Wall x1 |
| 8:50 | [CL] el castigador · age_up feudal |
| 8:54 | [CL] el castigador · wall_segment Palisade Wall x2 |
| 9:03 | [CL] el castigador · wall_segment Palisade Wall x1 |
| 9:11 | [CL] el castigador · first_building Archery Range |
| 9:13 | SneakySalmon · wall_segment Palisade Wall x4 |
| 9:16 | [CL] el castigador · wall_segment Palisade Wall x1 |
| 9:17 | [CL] el castigador · wall_segment Palisade Wall x1 |
| 9:22 | SneakySalmon · wall_segment Palisade Wall x9 |
| 9:25 | [CL] el castigador · wall_segment Palisade Wall x1 |
| 9:49 | SneakySalmon · wall_segment Palisade Wall x6 |
| 9:51 | [CL] el castigador · wall_segment Palisade Wall x1 |
| 9:53 | [CL] el castigador · wall_segment Palisade Wall x1 |
| 9:54 | [CL] el castigador · wall_segment Palisade Wall x1 |
| 9:54 | [CL] el castigador · wall_segment Palisade Wall x1 |
| 9:55 | [CL] el castigador · wall_segment Palisade Wall x1 |
| 10:19 | [CL] el castigador · wall_segment Palisade Wall x1 |
| 10:41 | [CL] el castigador · wall_segment Palisade Wall x1 |
| 10:42 | [CL] el castigador · wall_segment Palisade Wall x1 |
| 10:57 | [CL] el castigador · wall_segment Palisade Wall x1 |
| 10:59 | [CL] el castigador · wall_segment Palisade Wall x1 |
| 11:02 | SneakySalmon · age_up feudal |
| 11:10 | SneakySalmon · first_building Archery Range |
| 12:03 | SneakySalmon · wall_segment Palisade Wall x1 |
| 13:05 | [CL] el castigador · wall_segment Palisade Wall x4 |
| 13:15 | SneakySalmon · wall_segment Palisade Wall x1 |
| 13:17 | SneakySalmon · wall_segment Palisade Wall x1 |
| 13:35 | [CL] el castigador · wall_segment Palisade Wall x3 |
| 13:38 | [CL] el castigador · wall_segment Palisade Wall x7 |
| 14:08 | [CL] el castigador · first_building Stable |
| 15:19 | SneakySalmon · wall_segment Palisade Wall x2 |
| 16:01 | [CL] el castigador · wall_segment Palisade Wall x11 |
| 16:02 | [CL] el castigador · wall_segment Palisade Wall x1 |
| 19:55 | [CL] el castigador · first_market_buy 100 food |
| 19:55 | [CL] el castigador · first_market_sell 100 wood |
| 21:09 | SneakySalmon · wall_segment Palisade Wall x1 |
| 21:53 | SneakySalmon · age_up castle |
| 22:08 | [CL] el castigador · wall_segment Palisade Wall x1 |
| 22:09 | [CL] el castigador · wall_segment Palisade Wall x1 |
| 22:09 | [CL] el castigador · wall_segment Palisade Wall x1 |
| 22:40 | [CL] el castigador · age_up castle |
| 28:00 | SneakySalmon · wall_segment Stone Wall x1 |
| 28:03 | [CL] el castigador · first_building Siege Workshop |
| 28:15 | SneakySalmon · wall_segment Stone Wall x5 |
| 29:09 | SneakySalmon · wall_segment Stone Wall x1 |
| 31:37 | [CL] el castigador · first_building Castle |
| 31:55 | SneakySalmon · first_building Monastery |
| 32:22 | SneakySalmon · first_building Siege Workshop |
| 35:24 | [CL] el castigador · first_building Monastery |
| 35:39 | SneakySalmon · first_building Castle |
| 36:39 | SneakySalmon · first_building Stable |
| 38:27 | SneakySalmon · age_up imperial |
| 39:27 | [CL] el castigador · age_up imperial |
| 40:03 | SneakySalmon · first_market_sell 100 stone |
| 43:13 | SneakySalmon · first_market_buy 100 wood |
| 46:21 | SneakySalmon · wall_segment Stone Wall x4 |
| 46:23 | SneakySalmon · wall_segment Stone Wall x4 |
| 48:15 | SneakySalmon · resign |
[ AI ANALYSIS · 1 CREDIT ]
What really happened in this match?
Wolo.gg analyzes every decision: build order, eco, micro, common mistakes by bracket. Personalized analysis on WhatsApp or Discord in 30 seconds.
Civ guide
Mongols
Perfil
Jugador #4576272